 Dungeon Sprint DCSS version 0.23-a0-143-g1adec7b (webtiles) character file.

1124 Fang the Cleaver (level 8, -1/90 HPs)
             Began as a Gargoyle Berserker on Sept 5, 2018.
             Was a Priest of Trog.
             Slain by a seven-headed hydra (6 damage)
             ... in the Dungeon (Sprint IX: "|||||||||||||||||||||||||||||").
             The game lasted 00:01:58 (993 turns).

Fang the Cleaver (Gargoyle Berserker)                Turns: 993, Time: 00:01:59

Health: -1/90      AC:  8    Str: 30    XL:     8   Next: 35%
Magic:  8/8        EV: 14    Int:  9    God:    Trog [***...]
Gold:   0          SH:  0    Dex: 12    Spells: 7/7 levels left

rFire    . . .     SeeInvis .   m - +1 broad axe (chop)
rCold    . . .     Gourm    .   (no shield)
rNeg     + . .     Faith    .   b - +0 animal skin
rPois    ∞         Spirit   .   (no helmet)
rElec    +         Reflect  .   (no cloak)
rCorr    .         Harm     .   (no gloves)
MR       .....     NoTele   +   (no boots)
Stlth    ..........             (no amulet)
HPRegen  0.25/turn              n - +3 ring of dexterity
MPRegen  0.11/turn              o - +3 ring of strength

@: berserking, very quick
A: negative energy resistance 1, electricity resistance, unbreathing,
petrification resistance, rot immunity, AC +5
a: Berserk, Trog's Hand, Renounce Religion


You were in the Dungeon.
You worshipped Trog.
Trog was most pleased with you.
You were near starving.

You visited 1 branch

Inventory:

Hand Weapons
 m - a +1 broad axe of chopping (weapon)
Armour
 b - a +0 animal skin (worn)
Jewellery
 n - a +3 ring of dexterity (left hand)
 o - a +3 ring of strength (right hand)
Wands
 l - a wand of acid (10)
Scrolls
 i - 2 scrolls of blinking
 k - 3 scrolls of remove curse
Potions
 d - 5 potions of curing
 e - 2 potions of heal wounds
 f - a potion of haste
 g - 4 potions of magic
 h - a potion of berserk rage
 j - a potion of invisibility
Comestibles
 c - a ration


   Skills:
 + Level 11.3 Fighting
 + Level 11.8 Axes
 + Level 5.4 Armour
 + Level 5.1 Dodging
 + Level 1.2 Stealth


You had 7 spell levels left.
You didn't know any spells.
Your spell library was empty.

Dungeon Overview and Level Annotations

Branches:
Dungeon (1/1)

Altars:
Cheibriados
Dithmenos
Elyvilon
Fedhas
Gozag
Hepliaklqana
Kikubaaqudgha
Makhleb
Nemelex Xobeh
Okawaru
Qazlal
Ru
Sif Muna
Trog
Uskayaw
Vehumet
Wu Jian
Xom
Yredelemnul
Zin
The Shining One
Beogh
Jiyva
Lugonu


Innate Abilities, Weirdness & Mutations

You are resistant to torment.
Your stone body is resilient. (AC +5)
You are immune to poison.
You resist negative energy. (rN+)
You are resistant to electric shocks. (rElec)
You can survive without breathing.
You are immune to petrification.
You are immune to rotting.


Message History

You are near starving!
The five-headed hydra bites you. The five-headed hydra bites you! x2
* * * LOW HITPOINT WARNING * * *
The five-headed hydra completely misses you.
The five-headed hydra misses you.
You hack one of the five-headed hydra's heads off!
The four-headed hydra grows two more!
You slice the six-headed hydra!!
The six-headed hydra is almost dead.
Unknown command.
You slice one of the six-headed hydra's heads off!
The five-headed hydra grows two more!
You slash the seven-headed hydra!
The seven-headed hydra is almost dead.
The seven-headed hydra misses you.
The seven-headed hydra barely misses you.
The seven-headed hydra bites you!
* * * LOW HITPOINT WARNING * * *
The seven-headed hydra bites you!
* * * LOW HITPOINT WARNING * * *
The seven-headed hydra bites you.
You die...

▓_▓
▓_▓
▓_▓
▓_▓
▓_▓
▓'▓
▓.▓
▓?▓
▓@▓
▓D▓
▓l▓
▓c▓
▓[▓
▓.▓
▓)▓
▓÷▓
▓)▓


You could see a seven-headed hydra, a centaur and an iguana.

Vanquished Creatures
  A troll (D)
  An orc warrior (D)
  A sky beast (D)
  An ogre (D)
  A quasit (D)
  A jelly (D)
  2 hounds (D)
  An ooze (D)
  2 orcs (D)
  A bat (D)
  A hobgoblin (D)
  A frilled lizard (D)
  A kobold (D)
  A rat (D)
16 creatures vanquished.

Vanquished Creatures (collateral kills)
  An unseen horror (D)
  An ugly thing (D)
  An orc warrior (D)
3 creatures vanquished.

Vanquished Creatures (others)
  A spatial maelstrom (D)
1 creature vanquished.

Grand Total: 20 creatures vanquished

Notes
Turn   | Place    | Note
-------+----------+-------------------------------------------
     0 | D        | Fang the Gargoyle Berserker began the quest for the Orb.
     0 | D        | Reached XP level 1. HP: 14/14 MP: 1/1
    16 | D        | Reached ** piety under Trog
    21 | D        | Banished a spatial maelstrom
    22 | D        | Reached XP level 2. HP: 9/20 MP: 2/2
   205 | D        | Noticed an ogre
   205 | D        | Noticed a sky beast
   209 | D        | Killed an ogre
   209 | D        | Reached XP level 3. HP: 3/28 MP: 3/3
   209 | D        | Reached XP level 4. HP: 4/32 MP: 4/4
   216 | D        | Reached *** piety under Trog
   216 | D        | Reached XP level 5. HP: 4/38 MP: 5/5
   223 | D        | Killed a sky beast
   230 | D        | Reached XP level 6. HP: 6/44 MP: 6/6
   599 | D        | Found a roughly hewn altar of Beogh.
   599 | D        | Found a snail-covered altar of Cheibriados.
   599 | D        | Found a shadowy altar of Dithmenos.
   599 | D        | Found a white marble altar of Elyvilon.
   599 | D        | Found a blossoming altar of Fedhas.
   599 | D        | Found an opulent altar of Gozag.
   600 | D        | Found a hazy altar of Hepliaklqana.
   601 | D        | Found a viscous altar of Jiyva.
   602 | D        | Found an ancient bone altar of Kikubaaqudgha.
   603 | D        | Found a corrupted altar of Lugonu.
   604 | D        | Found a burning altar of Makhleb.
   605 | D        | Found a sparkling altar of Nemelex Xobeh.
   606 | D        | Found an iron altar of Okawaru.
   607 | D        | Found a stormy altar of Qazlal.
   608 | D        | Found a sacrificial altar of Ru.
   609 | D        | Found a deep blue altar of Sif Muna.
   610 | D        | Found a bloodstained altar of Trog.
   611 | D        | Found a hide-covered altar of Uskayaw.
   612 | D        | Found a radiant altar of Vehumet.
   613 | D        | Found an ornate altar of the Wu Jian Council.
   614 | D        | Found a shimmering altar of Xom.
   615 | D        | Found a basalt altar of Yredelemnul.
   616 | D        | Found a glowing silver altar of Zin.
   617 | D        | Found a glowing golden altar of the Shining One.
   646 | D        | Noticed an orc warrior
   646 | D        | Noticed a troll
   650 | D        | Reached **** piety under Trog
   657 | D        | Killed an orc warrior
   662 | D        | HP: 1/47 [troll (5)]
   663 | D        | Killed a troll
   663 | D        | Reached ***** piety under Trog
   663 | D        | Reached skill level 10 in Fighting
   663 | D        | Reached skill level 10 in Axes
   663 | D        | Reached skill level 5 in Armour
   663 | D        | Reached XP level 7. HP: 1/52 MP: 7/7
   957 | D        | Noticed a cyan ugly thing
   957 | D        | Noticed a five-headed hydra
   964 | D        | Reached skill level 1 in Stealth
   970 | D        | Killed an unseen horror
   970 | D        | Reached XP level 8. HP: 54/60 MP: 8/8
   977 | D        | Killed a cyan ugly thing
   977 | D        | Reached skill level 5 in Dodging
   993 | D        | Slain by a seven-headed hydra

Vault maps used:
D:        linesprint

Skill      XL: |  1  2  3  4  5  6  7  8 |
---------------+-------------------------+-----
Axes           | 3 6 7 10 11 | 11.8
Fighting       | 4 6 7 8 10 11 | 11.3
Armour         | 3 4 5 |  5.4
Dodging        | 2 3 4 5 |  5.1
Stealth        | 1 |  1.2

Action                   |  1- 3 |  4- 6 |  7- 9 || total
-------------------------+-------+-------+-------++-------
Melee: Hand axe          |    22 |    20 |       ||    42
       Broad axe         |       |    14 |     3 ||    17
Invok: Berserk           |     1 |     1 |     1 ||     3
       Brothers in Arms  |       |       |     3 ||     3
  Use: Potion            |       |       |     1 ||     1
  Eat: Chunk             |       |       |     2 ||     2
Armor: Animal skin       |     5 |    13 |     3 ||    21
Dodge: Dodged            |    14 |    31 |    10 ||    55

Table legend:
 A = Non-vault XP
 B = Vault XP
 C = Vault XP percentage of total XP
 D = Non-vault monster count
 E = Vault monster count
 F = Vault count percentage of total count
                 A         B        C        D         E       F
            +---------+---------+-------+---------+---------+-------
      Total |       0 |    1607 | 100.0 |       0 |      19 | 100.0
            +---------+---------+-------+---------+---------+-------
          D |       0 |    1607 | 100.0 |       0 |      19 | 100.0
            +---------+---------+-------+---------+---------+-------
